 Dungeon Crawl Stone Soup version 0.30.1-10-g1249ef9ec4 (webtiles) character file.

Game seed: 12371486363407397282

328 Peloso the Slasher (level 6, -2/56 HPs)
             Began as a Minotaur Fighter on Oct 26, 2023.
             Slain by an iguana (4 damage)
             ... on level 4 of the Dungeon.
             The game lasted 00:04:04 (2516 turns).

Peloso the Slasher (Minotaur Fighter)               Turns: 2516, Time: 00:04:05

Health: -2/56      AC: 10    Str: 20    XL:     6   Next: 25%
Magic:  5/5        EV:  8    Int:  5    God:
Gold:   292        SH:  5    Dex: 12    Spells: 5/5 levels left

rFire   . . .        a - +0 long sword
rCold   . . .        d - +0 buckler
rNeg    . . .        c - +0 chain mail
rPois   .            (helmet restricted)
rElec   .            (no cloak)
rCorr   .            l - +0 pair of gloves
SInv    .            (no boots)
Will    .....        (no amulet) Stlth
                     (no ring)
HPRegen 0.29/turn    (no ring)
MPRegen 0.09/turn

%: no passive effects
@: no status effects
A: horns 2, retaliatory headbutt
a: no special abilities


You were on level 4 of the Dungeon.
You visited 1 branch of the dungeon, and saw 4 of its levels.

You collected 292 gold pieces.

Inventory:

Hand Weapons
 a - a +0 long sword (weapon)
Armour
 b - a +0 scale mail
 c - a +0 chain mail (worn)
 d - a +0 buckler (worn)
 l - a +0 pair of gloves (worn)
Wands
 s - a wand of polymorph (7)
Scrolls
 e - a scroll of teleportation
 f - a scroll of enchant weapon {unknown}
 h - a scroll of brand weapon {unknown}
 j - a scroll of vulnerability {unknown}
 k - a scroll of amnesia {unknown}
 o - a scroll of immolation {unknown}
 p - a scroll of enchant armour {unknown}
 r - a scroll of poison {unknown}
Potions
 g - a potion of berserk rage
 i - 4 potions of curing
 m - a potion of might
 n - a potion of magic
 q - a potion of brilliance {unknown}
 t - a potion of resistance {unknown}
 u - a potion of heal wounds {unknown}


   Skills:
 + Level 5.2 Fighting
 + Level 5.3 Long Blades
 + Level 4.5 Armour
 + Level 1.3 Dodging
 + Level 4.8 Shields


You had 5 spell levels left.
You didn't know any spells.
Your spell library contained the following spells:

 Spells                   Type           Power      Damage    Failure   Level
 Apportation              Tloc           0%         N/A       99%         1


Dungeon Overview and Level Annotations

Branches:
Dungeon (4/15)
 Temple: D:4-7

Altars:
Fedhas


Innate Abilities, Weirdness & Mutations

You have a pair of horns on your head.
You reflexively headbutt those who attack you in melee.


Message History

You hit the ogre. You headbutt the ogre!
The ogre is severely wounded.
You block the ogre's attack.
You barely miss the ogre. You headbutt the ogre!
The ogre is almost dead.
The ogre hits you with a +0 giant club!!
The iguana bites you but does no damage.
You barely miss the ogre.
The ogre is almost dead.
The iguana barely misses you. You furiously retaliate!
You headbutt the iguana! The ogre barely misses you.
You hit the ogre but do no damage.
The ogre is almost dead.
The iguana bites you but does no damage.
The ogre hits you with a +0 giant club.
The iguana bites you but does no damage.
You barely miss the ogre.
The ogre is almost dead.
The iguana bites you but does no damage.
You barely miss the ogre.
The ogre is almost dead.
The ogre hits you with a +0 giant club!
* * * LOW HITPOINT WARNING * * *
The iguana bites you but does no damage.
You barely miss the ogre.
The ogre is almost dead.
The ogre closely misses you. You furiously retaliate!
You headbutt the ogre.
You kill the ogre!
The iguana closely misses you.
Your Long Blades skill increases to level 5!
You have reached level 6!
You hit the iguana.
The iguana is severely wounded.
The iguana barely misses you. You furiously retaliate!
You headbutt the iguana. You closely miss the iguana.
The iguana is almost dead.
The iguana bites you!
* * * LOW HITPOINT WARNING * * *
The iguana bites you.
You die...

#.# .# #.# .# # #.#
..##. #.# .... #.#
####..# #.# .....## #.##
##l)...## ###..##
##.@.....#
#####>....####.........#
.............'.........+
#####.#...####.........#
# #.##.## ##.......## #
#.#### ##.....## # #.#
##...## # #.. #+## ###


You could see an iguana.

Vanquished Creatures
  An ogre (D:4)
  A hound (D:2)
  An orc priest (D:4)
  Ijyb (D:3)
  2 orc wizards (D:4)
  3 adders
  5 worms
  3 dart slugs (D:3)
  An orc (D:4)
  4 bats
  4 endoplasms
  3 giant cockroaches
  7 goblins
  7 hobgoblins
  2 jackals (D:1)
  3 quokkas (D:2)
  3 ball pythons
  4 kobolds
  4 rats
59 creatures vanquished.

Notes
Turn   | Place    | Note
-------+----------+-------------------------------------------
     0 | D:1      | Peloso the Minotaur Fighter began the quest for the Orb.
     0 | D:1      | Reached XP level 1. HP: 19/19 MP: 0/0
    36 | D:1      | Found a faded altar of an unknown god.
    62 | D:1      | Got Plato's Enchiridion on Places
   323 | D:1      | Reached XP level 2. HP: 27/27 MP: 1/1
   840 | D:2      | Reached XP level 3. HP: 23/33 MP: 2/2
  1056 | D:2      | Reached skill level 1 in Dodging
  1086 | D:2      | Reached XP level 4. HP: 14/40 MP: 3/3
  1907 | D:3      | Noticed Ijyb
  1916 | D:3      | Killed Ijyb
  1917 | D:3      | Reached XP level 5. HP: 47/47 MP: 4/4
  1974 | D:3      | Found a blossoming altar of Fedhas.
  2318 | D:4      | Reached skill level 5 in Fighting
  2500 | D:4      | Noticed an ogre
  2514 | D:4      | Killed an ogre
  2515 | D:4      | Reached skill level 5 in Long Blades
  2515 | D:4      | Reached XP level 6. HP: 9/56 MP: 5/5
  2516 | D:4      | HP: 2/56 [iguana (8)]
  2516 | D:4      | Slain by an iguana

Illustrated notes

Levels and vault maps discovered:
D:1:      tarquinn_simple_flora_water_c, layout_basic,
          shapermc_ecumenical_altar_rom_forum
D:2:      layout_rooms
D:3:      layout_loops_cross, fedhas_altar_3, uniq_ijyb
D:4:      layout_loops_corners, mainiacjoe_overflow_catwalk

Skill      XL: |  1  2  3  4  5 |
---------------+----------------+-----
Armour         | 4 |  4.5
Shields        | 4 |  4.8
Long Blades    | 3 5 |  5.3
Dodging        | 1 |  1.3
Fighting       | 4 5 |  5.2

Action                     |  1- 3 |  4- 6 || total
---------------------------+-------+-------++-------
  Melee: Long sword        |    80 |   124 ||   204
         Headbutt          |     5 |    17 ||    22
    Use: Potion            |     2 |       ||     2
         Scroll            |       |     3 ||     3
 Armour: Scale mail        |    41 |       ||    41
         Chain mail        |       |    62 ||    62
  Dodge: Dodged            |    47 |    55 ||   102
  Block: Buckler           |    23 |    27 ||    50
